 Dungeon Crawl Stone Soup version 0.27.0-1-g7a089689b8 (webtiles) character file.

Game seed: 17492091137479601579

121 pkoi the Bolt Thrower (level 4, -6/37 HPs)
             Began as a Minotaur Hunter on Aug 10, 2021.
             Was a Follower of Okawaru.
             Mangled by Crazy Yiuf (8 damage)
             ... on level 2 of the Dungeon.
             The game lasted 00:02:52 (1692 turns).

pkoi the Bolt Thrower (Minotaur Hunter)             Turns: 1692, Time: 00:02:52

Health: -6/37      AC:  4    Str: 18    XL:     4   Next: 77%
Magic:  3/3        EV: 11    Int:  8    God:    Okawaru [*.....]
Gold:   62         SH:  0    Dex: 10    Spells: 3/3 levels left

rFire    . . .     SeeInvis .   b - +2 hand axe (elec)
rCold    + . .     Faith    .   (no shield)
rNeg     . . .     Spirit   .   c - +0 leather armour
rPois    +         Reflect  .   (helmet restricted)
rElec    .         Harm     .   (no cloak)
rCorr    +         Rampage  .   g - +0 pair of gloves
Will     .....                  (no boots)
Stlth    ++........             (no amulet)
HPRegen  0.12/turn              k - ring of Sophism {rPois rC+ rCorr Stlth+}
MPRegen  0.08/turn              (no ring)

@: no status effects
A: horns 2, retaliatory headbutt
a: Renounce Religion, Heroism


You were on level 2 of the Dungeon.
You worshipped Okawaru.
Okawaru was aware of your devotion.
You visited 1 branch of the dungeon, and saw 2 of its levels.

You collected 62 gold pieces.

Inventory:

Hand Weapons
 a - a +1 hand crossbow
 b - a +2 hand axe of electrocution (weapon)
 h - a +0 short sword
Missiles
 d - 17 bolts
Armour
 c - a +0 leather armour (worn)
 g - a +0 pair of gloves (worn)
Jewellery
 k - the ring of Sophism (left hand) {rPois rC+ rCorr Stlth+}
   (You acquired it on level 2 of the Dungeon)

   [ring of poison resistance]

   rC:        It protects you from cold.
   rPois:     It protects you from poison.
   rCorr:     It protects you from acid and corrosion.
   Stlth:     It makes you more stealthy.
 o - a ring of willpower
Scrolls
 l - 3 scrolls of identify
 m - a scroll of vulnerability {unknown}
 n - a scroll of noise {unknown}
Potions
 e - a potion of invisibility {unknown}
 f - a potion of mutation {unknown}
 i - a potion of curing
 j - a potion of flight {unknown}
 p - a potion of heal wounds {unknown}
 q - a potion of haste {unknown}
 r - a potion of lignification {unknown}


   Skills:
 - Level 2.4 Fighting
 * Level 2.6 Axes
 * Level 6.2 Crossbows
 - Level 2.1 Dodging
 - Level 0.7 Stealth
 + Level 0.3 Invocations


You had 3 spell levels left.
You didn't know any spells.
Your spell library was empty.

Dungeon Overview and Level Annotations

Branches:
Dungeon (2/15)

Altars:
Okawaru

Annotations:
D:2 Crazy Yiuf


Innate Abilities, Weirdness & Mutations

You have a pair of horns on your head.
You reflexively headbutt those who attack you in melee.


Message History

A frilled lizard comes into view.
A frilled lizard is nearby!
A frilled lizard is nearby!
You shoot a bolt. The bolt hits the frilled lizard.
You kill the frilled lizard!
Okawaru accepts your kill.
No target in view!
No target in view!
d - 16 bolts (gained 1)
Things that are here:
a +0 short sword; a stone; a kobold corpse
d - 17 bolts (gained 1) Key pressed, stopping explore.
Key pressed, stopping explore.
There is an open door here.
There is an open door here.
There is an open door here.
There is an open door here.
Crazy Yiuf shouts!
Could not explore, unopened runed door.
You hear the crackle of electricity.
b - a +2 hand axe of electrocution (weapon)
You open the door.
Crazy Yiuf cries, "Fire tired sing!"
You closely miss Crazy Yiuf.
Crazy Yiuf hits you with a +4 quarterstaff of chaos!
Crazy Yiuf burns you.
You barely miss Crazy Yiuf.
You headbutt Crazy Yiuf, but do no damage.
Crazy Yiuf hits you with a +4 quarterstaff of chaos!
* * * LOW HITPOINT WARNING * * *
You hit Crazy Yiuf but do no damage.
Crazy Yiuf hits you with a +4 quarterstaff of chaos.
* * * LOW HITPOINT WARNING * * *
Crazy Yiuf burns you.
* * * LOW HITPOINT WARNING * * *
You closely miss Crazy Yiuf.
You headbutt Crazy Yiuf, but do no damage.
Crazy Yiuf hits you with a +4 quarterstaff of chaos!
You die...

.......# #.........#
##.# .......#
#.........######.#
'#######
#................. .#
#########.......#. .#
##### #......... .#
#...##♣♣♣♣♣ #.........
.# #.......♣.♣♣♣ ###
#.##...... .#
#......♣.♣..♣#...#
#..)..####
.####.......♣♣♣♣@g...#
#.....# .#.........♣♣
♣♣#..)# #.....#
.'......##♣♣ ###
#.....# ##......#
#.....# #......#
#.....# #.....÷###
####.....# ########.#
#........#
#.###########.########
#.............#


You could see Crazy Yiuf.

Vanquished Creatures
  An iguana (D:2)
  Terence (D:2)
  2 adders (D:2)
  A worm (D:2)
  2 dart slugs (D:1)
  7 ball pythons
  9 endoplasms
  A giant cockroach (D:1)
  5 goblins
  2 hobgoblins
  3 quokkas (D:1)
  3 bats
  A frilled lizard (D:2)
  4 kobolds
  3 rats
45 creatures vanquished.

Notes
Turn   | Place    | Note
-------+----------+-------------------------------------------
     0 | D:1      | pkoi the Minotaur Hunter began the quest for the Orb.
     0 | D:1      | Reached XP level 1. HP: 18/18 MP: 0/0
    57 | D:1      | Reached XP level 2. HP: 23/25 MP: 1/1
   157 | D:1      | Reached skill level 5 in Crossbows
   474 | D:1      | Reached XP level 3. HP: 30/30 MP: 2/2
   801 | D:2      | Identified a scroll of acquirement
   801 | D:2      | Acquired the ring of Sophism {rPois rC+ rCorr Stlth+}
   807 | D:2      | Noticed Terence
   813 | D:2      | Killed Terence
   814 | D:2      | Reached skill level 1 in Axes
   849 | D:2      | Found a faded altar of an unknown god.
   862 | D:2      | Reached skill level 6 in Crossbows
   862 | D:2      | Reached XP level 4. HP: 18/37 MP: 3/3
  1035 | D:2      | Became a worshipper of Warmaster Okawaru
  1035 | D:2      | Reached * piety under Okawaru
  1434 | D:2      | Found a runed translucent door.
  1435 | D:2      | Noticed Crazy Yiuf
  1692 | D:2      | Mangled by Crazy Yiuf

Illustrated notes

Levels and vault maps discovered:
D:1:      grunt_arrival_lava_bath, layout_loops_ring, minmay_pentomino_s2
D:2:      layout_basic, basic_ecumenical_altar, uniq_terence,
          uniq_crazy_yiuf_cottage

Skill      XL: |  1  2  3 |
---------------+----------+-----
Crossbows      | 5 6 |  6.2
Axes           | 2 |  2.6
Fighting       | |  2.4
Dodging        | |  2.1
Stealth        | |  0.7
Invocations    | |  0.3

Action                   |  1- 3 |  4- 6 || total
-------------------------+-------+-------++-------
Melee: Hand axe          |     6 |     5 ||    11
       Headbutt          |     1 |     2 ||     3
 Fire: Hand crossbow     |    46 |    26 ||    72
  Use: Scroll            |     2 |       ||     2
 Stab: Sleeping          |     2 |       ||     2
Armor: Leather armour    |     4 |     2 ||     6
Dodge: Dodged            |    10 |     2 ||    12
